 Dungeon Crawl Stone Soup version 0.30-a0-528-g8c47a4955b (webtiles) character file.

Game seed: 5231729029918834939

122 Shayle the Trooper (level 4, -3/35 HPs)
             Began as a Demonspawn Reaver on Dec 23, 2022.
             Slain by a centaur (5 damage)
             ... on level 5 of the Dungeon.
             The game lasted 00:06:01 (2560 turns).

Shayle the Trooper (Demonspawn Reaver)              Turns: 2560, Time: 00:06:02

Health: -3/35      AC:  8    Str: 16 (17) XL:     4   Next: 78%
Magic:  7/7        EV: 11    Int: 14 (15) God:
Gold:   208        SH:  0    Dex: 14 (16) Spells: 3/7 levels left

rFire   . . .      SeeInvis .    a - +0 spear
rCold   . . .      Faith    .    (no shield)
rNeg    . . .      Spirit   .    b - +0 leather armour
rPois   .          Reflect  .    (no helmet)
rElec   +          Harm     .    (no cloak)
rCorr   .          Rampage  .    (no gloves)
Will    .....                    e - +0 pair of boots
Stlth   ++                       q - amulet of magic regeneration
HPRegen 0.25/turn                i - +6 ring of strength
MPRegen 0.50/turn                k - +4 ring of protection

@: brilliant, attractive, flying
A: demonic guardian 1, powered by death 1, agile 1, electricity resistance,
MP-powered wands
a: no special abilities


You were on level 5 of the Dungeon.
You visited 1 branch of the dungeon, and saw 5 of its levels.

You collected 208 gold pieces.

Inventory:

Hand Weapons
 a - a +0 spear (weapon)
Armour
 b - a +0 leather armour (worn)
 e - a +0 pair of boots (worn)
Jewellery
 c - a ring of wizardry
 i - a +6 ring of strength (left hand)
 k - a +4 ring of protection (right hand)
 q - an amulet of magic regeneration (around neck)
 u - a ring of resist corrosion
Wands
 t - a wand of roots (11)
Scrolls
 g - 4 scrolls of identify {unknown}
 h - 5 scrolls of teleportation {unknown}
 j - a scroll of amnesia {unknown}
 n - a scroll of vulnerability {unknown}
 o - a scroll of blinking {unknown}
Potions
 d - a potion of flight
 f - a potion of brilliance
 l - a potion of mutation
 m - 2 potions of ambrosia {unknown}
 p - a potion of degeneration
 r - a potion of heal wounds {unknown}
 s - 2 potions of attraction


   Skills:
 + Level 3.3 Fighting
 - Level 2.6 Polearms
 + Level 2.1 Armour
 - Level 1.7 Dodging
 + Level 2.3 Stealth
 - Level 2.0 Spellcasting
 - Level 3.0 Conjurations


You had 3 spell levels left.
You knew the following spells:

 Your Spells              Type           Power      Damage    Failure   Level
a - Kiss of Death         Conj/Necr      32%        2d7       16%         1
b - Hailstorm             Conj/Ice       8%         3d4       43%         3

Your spell library contained the following spells:

 Spells                   Type           Power      Damage    Failure   Level
 Momentum Strike          Conj/Tloc      16%        3d8       24%         2
 Dazzling Flash           Conj/Hex       16%        N/A       43%         3
 Summon Guardian Golem    Hex/Summ       2%         N/A       65%         3
 Iskenderun's Mystic Bla  Conj/Tloc      8%         2d4       83%         4
 Starburst                Conj/Fire      4%         6d3       100%        6
 Orb of Destruction       Conj           7%         9d6       100%        7
 Spellforged Servitor     Conj/Summ      4%         N/A       100%        7


Dungeon Overview and Level Annotations

Branches:
Dungeon (5/15)
 Temple: D:4-7

Altars:
Makhleb


Innate Abilities, Weirdness & Mutations

A weak demonic guardian rushes to your aid.
You regenerate a little health from kills.
You are agile. (Dex +4, Str/Int -1)
You are resistant to electric shocks. (rElec)
You expend magic power (3 MP) to strengthen your wands.


Message History

The centaur barely misses you.
The centaur kicks you but does no damage.
You barely miss the centaur.
The centaur is heavily wounded.
The centaur hits you. The centaur misses you. The centaur closely misses you.
The centaur kicks you.
* * * LOW HITPOINT WARNING * * *
You hit the centaur but do no damage.
The centaur is heavily wounded.
The centaur barely misses you. The centaur kicks you.
* * * LOW HITPOINT WARNING * * *
It was a potion of mutation.
You feel extremely strange.
You feel your magical essence link to the dungeon's wands.
You feel agile.
You feel insulated.
The centaur hits you but does no damage.
The centaur kicks you but does no damage.
The centaur hits you.
* * * LOW HITPOINT WARNING * * *
A demonic guardian appears!
The centaur closely misses you.
It was a potion of brilliance.
You feel clever all of a sudden. The centaur barely misses you.
The centaur kicks you.
* * * LOW HITPOINT WARNING * * *
It was a potion of degeneration.
There was something very wrong with that liquid.
You feel weakened.
You feel dopey.
You feel clumsy. The centaur hits you.
* * * LOW HITPOINT WARNING * * *
The centaur closely misses you. The centaur barely misses you.
The centaur kicks you but does no damage.
It was a potion of attraction.
You feel attractive to monsters. The centaur barely misses you.
The centaur kicks you but does no damage.
Your ufetubus hits the centaur but does no damage.
Your ufetubus hits the centaur.
It was a potion of flight.
You feel very buoyant.
You fly up into the air.
The centaur hits you.
You die...

#...........
####'########
#...#......#
##...#......#
#....#......#
##...###...##
#...###...#
#.........#
#.....@5..# .
#######c###....
c..............
...............
...............
...............
######+####..?.
.... ...


You could see a centaur (ally target) and a friendly ufetubus (summoned).

Vanquished Creatures
  2 gnolls (D:4)
  4 adders (D:2)
  A worm (D:3)
  5 dart slugs
  2 orcs
  5 endoplasms
  2 giant cockroaches
  3 goblins
  7 hobgoblins
  2 jackals (D:4)
  4 kobolds
  A quokka (D:3)
  6 ball pythons
  4 bats
  6 frilled lizards
54 creatures vanquished.

Notes
Turn   | Place    | Note
-------+----------+-------------------------------------------
     0 | D:1      | Shayle the Demonspawn Reaver began the quest for the Orb.
     0 | D:1      | Reached XP level 1. HP: 16/16 MP: 3/3
   161 | D:1      | Gained mutation: A weak demonic guardian rushes to your
                  | aid. [demonic ancestry]
   161 | D:1      | Reached XP level 2. HP: 12/22 MP: 5/5
   250 | D:1      | Found a faded altar of an unknown god.
   711 | D:1      | You fall into a shaft and drop 1 floor!
   744 | D:2      | Reached skill level 1 in Stealth
  1022 | D:2      | Reached skill level 1 in Armour
  1072 | D:2      | Reached XP level 3. HP: 25/28 MP: 6/6
  1607 | D:2      | Gained mutation: You regenerate a little health from kills.
                  | [demonic ancestry]
  1607 | D:2      | Reached XP level 4. HP: 34/35 MP: 7/7
  1706 | D:3      | Learned a level 3 spell: Hailstorm
  1981 | D:3      | Found a burning altar of Makhleb.
  2507 | D:5      | Entered Level 5 of the Dungeon
  2542 | D:5      | Noticed a centaur
  2556 | D:5      | Gained mutation: You expend magic power (3 MP) to
                  | strengthen your wands. [potion of mutation]
  2556 | D:5      | Gained mutation: You are agile. (Dex +4, Str/Int -1)
                  | [potion of mutation]
  2556 | D:5      | Gained mutation: You are resistant to electric shocks.
                  | (rElec) [potion of mutation]
  2560 | D:5      | Slain by a centaur

Illustrated notes

Levels and vault maps discovered:
D:1:      dpeg_arrival_lava_altar, layout_basic,
          ebering_ecumenical_altar_sacrificial, roderic_serpentine_path,
          minmay_misc_feat_encased
D:2:      layout_basic, minmay_indecisive_spiral
D:3:      layout_rooms, mainiacjoe_overflow_tiny_flanked
D:4:      layout_cave_pods, nicolae_gozag_seed_capital, temple_fountains
D:5:      layout_gridville

Skill      XL: |  1  2  3  4 |
---------------+-------------+-----
Stealth        | 1 2 |  2.3
Armour         | 1 2 |  2.1
Fighting       | 3 |  3.3
Polearms       | |  2.6
Dodging        | |  1.7
Spellcasting   | |  2.0
Conjurations   | |  3.0

Action                   |  1- 3 |  4- 6 || total
-------------------------+-------+-------++-------
Melee: Spear             |   127 |    91 ||   218
  Use: Potion            |       |     5 ||     5
 Stab: Sleeping          |       |     1 ||     1
Armor: Leather armour    |    55 |    33 ||    88
Dodge: Dodged            |    75 |    47 ||   122

Table legend: (Time is in decaauts)
 A = Elapsed time spent in this place.
 B = Non-inter-level travel time spent in this place.
 C = Inter-level travel time spent in this place.
 D = Time resting spent in this place.
 E = Time spent auto-exploring this place.
 F = Levels seen in this place.
 G = Mean time per level.
                   A        B        C        D        E       F      G
               +--------+--------+--------+--------+--------+-----+--------+
         Total |   2551 |   2480 |     71 |     16 |   1751 |   5 |  510.2 |
       Dungeon |   2551 |   2480 |     71 |     16 |   1751 |   5 |  510.2 |
               +--------+--------+--------+--------+--------+-----+--------+

Top non-repeatable levels by time:
     D:1: 896 daAuts
     D:2: 790 daAuts
     D:3: 547 daAuts
     D:4: 264 daAuts
     D:5: 52 daAuts
